 Dungeon Crawl Stone Soup version 0.26.1-2-gb8aa6d0cf2 (webtiles) character file.

Game seed: 4015382658367404484

3782 septik the Cleaver (level 9, 0/86 HPs)
             Began as a Deep Dwarf Fighter on Mar 28, 2021.
             Was a Follower of Makhleb.
             Slain by a yak (2 damage)
             ... on level 9 of the Dungeon.
             The game lasted 00:54:08 (8108 turns).

septik the Cleaver (Deep Dwarf Fighter)             Turns: 8108, Time: 00:54:08

Health: 0/86       AC: 17    Str: 23    XL:     9   Next: 95%
Magic:  4/4        EV:  7    Int: 15    God:    Makhleb [*.....]
Gold:   181        SH:  0    Dex: 12    Spells: 8/8 levels left

rFire    . . .     SeeInvis .   a - +0 hand axe (vorpal)
rCold    . . .     Faith    .   (no shield)
rNeg     . . .     Spirit   .   v - +1 plate armour
rPois    .         Reflect  .   L - +1 helmet
rElec    .         Harm     .   (no cloak)
rCorr    .         Rampage  .   K - +0 pair of gloves
Will     +....                  E - +0 pair of boots
Stlth    ..........             C - amulet of the acrobat
HPRegen  0.00/turn              y - +6 ring of intelligence
MPRegen  0.09/turn              (no ring)

@: non-regenerating
A: damage resistance, heal wounds, sense surroundings 2, no regeneration
a: Heal Wounds, Renounce Religion


You were on level 9 of the Dungeon.
You worshipped Makhleb.
Makhleb was aware of your devotion.
You visited 2 branches of the dungeon, and saw 10 of its levels.

You collected 475 gold pieces.
You spent 294 gold pieces at shops.

Inventory:

Hand Weapons
 a - a +0 vorpal hand axe (weapon)
 b - a +0 hunting sling of freezing
 G - a +0 battleaxe
 H - a +0 hunting sling
Missiles
 d - 11 javelins
 m - 14 boomerangs
 o - 58 poisoned darts (quivered)
 p - 203 stones
 t - 86 sling bullets
Armour
 k - a +2 leather armour of fire resistance
 v - a +1 plate armour (worn)
 E - a +0 pair of boots (worn)
 K - a +0 pair of gloves (worn)
 L - a +1 helmet (worn)
Jewellery
 y - a +6 ring of intelligence (left hand)
 C - an amulet of the acrobat (around neck)
 J - a +6 ring of strength {unknown}
 M - an uncursed amulet of magic regeneration {unknown}
Wands
 x - a wand of iceblast (3)
 P - a wand of digging (6)
Scrolls
 c - a scroll of vulnerability {unknown}
 e - 4 scrolls of amnesia
 g - 2 scrolls of magic mapping
 i - 2 scrolls of enchant weapon {unknown}
 j - 6 scrolls of remove curse
 q - 6 scrolls of identify
 u - 4 scrolls of teleportation {unknown}
 w - 2 scrolls of fog {unknown}
 D - a scroll of torment {unknown}
 F - a scroll of fear {unknown}
 I - 2 scrolls of blinking {unknown}
 N - a scroll of holy word {unknown}
Potions
 f - a potion of berserk rage {unknown}
 h - a potion of haste
 l - a potion of ambrosia {unknown}
 n - 2 potions of invisibility
 r - 4 potions of curing
 s - a potion of brilliance {unknown}
 z - a potion of cancellation {unknown}
 A - 2 potions of mutation {unknown}
 B - a potion of magic {unknown}
 O - a potion of flight {unknown}


   Skills:
 + Level 7.0 Fighting
 - Level 11.0(11.2) Axes
 - Level 3.0(7.1) Maces & Flails
 - Level 5.5 Slings
 - Level 3.4 Armour
 - Level 2.1 Dodging
 - Level 4.8 Shields


You had 8 spell levels left.
You didn't know any spells.
Your spell library was empty.

Dungeon Overview and Level Annotations

Branches:
Dungeon (9/15)             Temple (1/1) D:5
   Lair: D:8-11         Orc: D:9-12

Altars:
Ashenzari
Cheibriados
Dithmenos
Elyvilon
Fedhas
Gozag
Hepliaklqana
Kikubaaqudgha
Makhleb
Nemelex Xobeh
Okawaru
Qazlal
Ru
Sif Muna
Trog
Uskayaw
Vehumet
Wu Jian
Xom
Yredelemnul
Zin
The Shining One

Shops:
D:5 *

Annotations:
D:2 exclusion: downstairs
D:3 1 runed translucent door, exclusions: adder, ogre and 10 more exclusions, kthxbai's ghost, amateur FoAK
D:6 exclusions: 3 electric eels, 3 plants and 77 more exclusions
D:7 exclusion: 2 downstairs


Innate Abilities, Weirdness & Mutations

You are resistant to damage.
You can heal yourself by infusing magical energy.
You passively map the area around you.
You do not regenerate.


Message History

* * * LOW HITPOINT WARNING * * *
The yak gores you but does no damage. x2; The centaur shoots an arrow.
The arrow closely misses you.
You barely miss the yak.
The yak is severely wounded.
You hit the yak but do no damage. You hit the yak.
The yak gores you but does no damage. The yak gores you.
* * * LOW HITPOINT WARNING * * *
The centaur shoots an arrow.
The arrow hits you but does no damage.
You hit the yak.
The yak is severely wounded.
You hit the yak. You hit the yak but do no damage. The yak barely misses you.
The yak closely misses you. The yak gores you.
The centaur shoots an arrow.
The arrow hits you but does no damage.
You hit the yak.
The yak is severely wounded.
You slash the yak! You hit the yak. The yak gores you!
* * * LOW HITPOINT WARNING * * *
The yak gores you.
You die...

#####..........##################
....#..........#............ ,,
....#..........#............ ,
....#..........#............ ,
....#..........#............ ,
....#..##########..(.#######
...........#.....c...#....# ,, .
...........#.....Y...#....# , ..
...........#....@Y...#....# Y..
...........#.....Y...#....# ,....
#####.######...(.....#....#,.Y..)
...........########..#..#.#......
.......[......<.........#.(......
.......###.###..........#........
.......###'###..........#........
......##≈≈.≈≈##.........#....(...
...##.#≈≈≈.≈≈≈#...###############


You could see 3 yaks and a centaur.

Vanquished Creatures
  Joseph (D:8)
  Prince Ribbit (D:7)
  Sigmund (D:6)
  5 yaks (D:8)
  2 sky beasts (D:6)
  4 orc warriors
  An ice beast (D:8)
  4 ogres
  A centaur (D:7)
  A big kobold (D:8)
  3 bullfrogs
  A gnoll sergeant (D:8)
  A wight (D:9)
  A bullfrog zombie (D:5)
  A howler monkey (D:9)
  2 quasits
  3 hounds
  5 orc priests
  2 centaur skeletons
  4 jellies
  2 orc wizards
  Terence (D:2)
  5 iguanas
  2 worker ants
  3 gnolls (D:8)
  4 adders
  A white imp (D:7)
  An ufetubus (D:6)
  An ooze (D:1)
  2 adder skeletons
  A dart slug (D:1)
  5 leopard geckos
  30 orcs
  3 ball pythons
  4 giant cockroaches
  11 goblins
  6 hobgoblins
  2 quokkas
  10 bats
  5 frilled lizards
  A jackal skeleton (D:3)
  12 kobolds
  2 quokka zombies
  8 rats
166 creatures vanquished.

Vanquished Creatures (others)
  8 fungi (D:3)
  5 plants (D:6)
  5 toadstools (D:3)
18 creatures vanquished.

Grand Total: 184 creatures vanquished

Notes
Turn   | Place    | Note
-------+----------+-------------------------------------------
     0 | D:1      | septik the Deep Dwarf Fighter began the quest for the Orb.
     0 | D:1      | Reached XP level 1. HP: 20/20 MP: 1/1
   181 | D:1      | Reached XP level 2. HP: 28/28 MP: 2/2
   442 | D:1      | Reached skill level 1 in Maces & Flails
   450 | D:1      | You fall into a shaft and drop 1 floor!
   466 | D:2      | Noticed Terence
   481 | D:2      | Killed Terence
   482 | D:2      | Reached XP level 3. HP: 23/34 MP: 3/3
  1003 | D:2      | Reached XP level 4. HP: 29/43 MP: 4/4
  1648 | D:3      | Found an ancient bone altar of Kikubaaqudgha.
  1657 | D:3      | Found a radiant altar of Vehumet.
  1662 | D:3      | Found a glowing silver altar of Zin.
  1851 | D:3      | Reached XP level 5. HP: 49/50 MP: 5/5
  1977 | D:3      | Reached skill level 3 in Axes
  2005 | D:3      | Found a runed translucent door.
  2009 | D:3      | Noticed kthxbai's ghost (amateur FoAK)
  2136 | D:3      | Noticed an ogre
  2206 | D:3      | Killed an ogre
  2207 | D:3      | Reached skill level 4 in Axes
  2504 | D:3      | Found a hazy altar of Hepliaklqana.
  2585 | D:3      | Reached XP level 6. HP: 52/57 MP: 6/6
  2734 | D:4      | Reached skill level 1 in Dodging
  2816 | D:4      | Found a bloodstained altar of Trog.
  3471 | D:5      | Entered Level 5 of the Dungeon
  3477 | D:4      | Reached XP level 7. HP: 54/64 MP: 5/5
  3537 | D:5      | Found the +3 hat of Pondering {ponderous, Will+ MP+10
                  | Int+5}
  3554 | D:5      | Reached skill level 5 in Axes
  3607 | D:5      | Found Enkaduw's Assorted Antiques.
  3615 | D:5      | Bought a golden potion for 18 gold pieces
  3615 | D:5      | Bought a viscous emerald potion for 18 gold pieces
  3615 | D:5      | Bought a bubbling inky potion for 18 gold pieces
  3615 | D:5      | Bought a runed broad axe for 140 gold pieces
  3699 | D:5      | Reached skill level 1 in Slings
  3982 | D:5      | Found a staircase to the Ecumenical Temple.
  3992 | Temple   | Entered the Ecumenical Temple
  4094 | Temple   | Became a worshipper of Makhleb the Destroyer
  4484 | D:6      | Noticed Sigmund
  4509 | D:6      | Killed Sigmund
  4510 | D:6      | Reached skill level 5 in Slings
  4510 | D:6      | Reached XP level 8. HP: 39/72 MP: 5/5
  4553 | D:6      | Reached skill level 6 in Axes
  4920 | D:6      | Reached skill level 7 in Axes
  5038 | D:5      | Bought a brass ring for 100 gold pieces
  5390 | D:7      | Noticed Prince Ribbit
  5402 | D:7      | Killed Prince Ribbit
  5403 | D:7      | Reached skill level 8 in Axes
  5724 | D:7      | Reached skill level 9 in Axes
  5943 | D:7      | Reached * piety under Makhleb
  6178 | D:7      | Gained mutation: You passively map the area around you.
                  | [Deep Dwarf growth]
  6178 | D:7      | Reached XP level 9. HP: 18/78 MP: 4/4
  6498 | D:8      | Noticed Joseph
  6628 | D:8      | Killed Joseph
  6629 | D:8      | Reached skill level 10 in Axes
  7132 | D:8      | Reached skill level 11 in Axes
  7562 | D:8      | Reached skill level 5 in Fighting
  7796 | D:9      | Found an opulent altar of Gozag.
  8060 | D:9      | Found a shimmering blue altar of Sif Muna.
  8108 | D:9      | HP: 2/86 [yak (9)]
  8108 | D:9      | Slain by a yak

Illustrated notes

Levels and vault maps discovered:
D:1:      wander_arrival_abandoned_jail, layout_rooms
D:2:      layout_rooms, uniq_terence
D:3:      layout_loops_corners, nzn_hepliaklqana_mist_gate,
          grunt_temple_overflow_diamond, ebering_ghost_sewer_d, st_stairs_4,
          minmay_gold_behind_fungi
D:4:      layout_cave_pools, trog_hazing_becter
D:5:      layout_cave_pools, minmay_temple_entry_trees, serial_shops, shop
D:6:      layout_basic, serial_bayou_lagoon_b, uniq_sigmund
D:7:      layout_basic, nicolae_sextant, uniq_prince_ribbit1
D:8:      layout_loops_cross, uniq_joseph
D:9:      layout_grid_maze, led_sif_pool, kennysheep_mini_moat
Temple:   compressed_dpeg_circular_temple

Skill      XL: |  1  2  3  4  5  6  7  8  9 |
---------------+----------------------------+-----
Fighting       | 3 4 7 |  7.0
Maces & Flails | 2 3 |  3.0
Axes           | 4 5 9 11 | 11.0
Dodging        | 2 |  2.1
Shields        | 4 |  4.8
Slings         | 5 |  5.5
Armour         | |  3.4

Action                   |  1- 3 |  4- 6 |  7- 9 || total
-------------------------+-------+-------+-------++-------
Melee: War axe           |    67 |    70 |     7 ||   144
       Hand axe          |    56 |   141 |   322 ||   519
       Battleaxe         |       |       |    20 ||    20
 Fire: Hunting sling     |       |       |    46 ||    46
Throw: Dart              |     3 |    37 |    76 ||   116
       Stone             |       |    22 |       ||    22
 Abil: Heal Wounds       |       |     5 |    10 ||    15
  Use: Scroll            |     4 |     2 |     5 ||    11
       Potion            |     1 |     3 |     2 ||     6
Armor: Scale mail        |    37 |       |       ||    37
       Plate armour      |    11 |   100 |   234 ||   345
       Chain mail        |    11 |       |       ||    11
Dodge: Dodged            |    19 |    34 |   101 ||   154
Block: Kite shield       |    53 |    84 |   102 ||   239
